AoeStats
← NDF

Arabia

509763376Analyzed
2v2 RM · 3d ago on Sep 27, 2026· 61m 4s· 4 players
Game mode
Random Map
Map size
Medium (4 player)
Population
200
Speed
Normal
Resources
Standard
Victory
Conquest
Starting age
Dark Age
Ending age
Imperial Age
RankedLock teamsTeams togetherTeam positionsShared explorationLock speedFull tech treeHidden civsTurbo modeCheats
Victory
Defeat
🇨🇱 Vikings · Chile
856
+10
🇬🇧 Malay · United Kingdom
788
+13
🇦🇷 Teutons · Argentina
727
-12
🇦🇷 Spanish · Argentina
715
-11
Dad16456
11:44 Feudal Age
12:11 Wheelbarrow
11:25 Double-Bit Axe
19:01 Castle Age
19:10 Hand Cart
20:27 Loom
21:12 Stone Mining
27:27 Horse Collar
28:54 Forging
28:31 Town Watch
31:49 Imperial Age
29:52 Man-at-Arms
30:33 Squires
30:19 Arson
31:16 Iron Casting
30:34 Fletching
30:47 Elite Karambit Warrior
31:54 Conscription
34:28 Blast Furnace
35:21 Forced Levy
37:10 Husbandry
36:38 Light Cavalry
40:12 Long Swordsman
41:09 Two-Handed Swordsman
42:56 Pikeman
44:06 Halberdier
55:55 Elite Battle Elephant
58:51 Scale Barding Armor
61:18 Gold Mining
Cruzapo
10:46 Loom
10:54 Loom
12:52 Feudal Age
11:07 Loom
17:28 Castle Age
15:39 Horse Collar
15:49 Double-Bit Axe
16:35 Fletching
17:03 Gold Mining
17:45 Stone Mining
19:31 Bow Saw
20:21 Forging
20:53 Squires
20:14 Pikeman
23:03 Arson
24:37 Scale Mail Armor
25:34 Heavy Plow
28:08 Padded Archer Armor
28:37 Fervor
28:02 Elite Skirmisher
30:14 Devotion
30:32 Town Watch
32:42 Town Patrol
32:26 Treadmill Crane
32:42 Murder Holes
33:08 Ballistics
32:59 Masonry
33:29 Gold Shaft Mining
32:51 Bodkin Arrow
33:12 Leather Archer Armor
35:12 Iron Casting
34:52 Chain Mail Armor
35:47 Crossbowman
36:30 Chieftains
37:03 Caravan
41:05 Imperial Age
41:01 Leather Archer Armor
41:02 Chain Mail Armor
41:14 Elite Berserk
42:16 Conscription
43:30 Chemistry
42:34 Bracer
43:04 Ring Archer Armor
43:35 Hoardings
44:51 Crop Rotation
45:24 Two-Man Saw
44:43 Bogsveigar
44:50 Arbalester
47:31 Two-Man Saw
46:10 Elite Varangian Guard
47:56 Blast Furnace
47:26 Plate Mail Armor
47:45 Architecture
52:04 Plate Mail Armor
52:04 Ring Archer Armor
51:42 Siege Engineers
NDF
2:55 Loom
11:22 Feudal Age
14:22 Man-at-Arms
21:37 Castle Age
20:28 Arson
20:29 Horse Collar
20:37 Double-Bit Axe
21:30 Gold Mining
22:04 Stone Mining
22:14 Crossbowman
23:32 Bow Saw
23:46 Squires
28:48 Heavy Plow
29:53 Stone Shaft Mining
30:03 Forging
29:54 Scale Mail Armor
30:54 Bloodlines
48:36 Imperial Age
48:08 Iron Casting
47:42 Scale Barding Armor
47:40 Padded Archer Armor
51:23 Elite Teutonic Knight
52:42 Hoardings
52:47 Cavalier
55:38 Two-Man Saw
estebanpa
5:29 Loom
11:58 Feudal Age
16:37 Castle Age
15:33 Double-Bit Axe
15:31 Horse Collar
17:14 Bloodlines
17:01 Gold Mining
18:28 Scale Barding Armor
18:36 Heavy Plow
22:51 Bow Saw
23:02 Gambesons
22:37 Man-at-Arms
26:35 Long Swordsman
31:17 Caravan
34:12 Imperial Age
32:21 Wheelbarrow
32:27 Squires
31:48 Pikeman
32:38 Stone Mining
33:52 Scale Mail Armor
34:03 Forging
34:14 Chain Barding Armor
34:55 Forging
34:16 Cavalier
35:56 Husbandry
37:09 Paladin
39:22 Plate Barding Armor
39:03 Chain Mail Armor
39:23 Iron Casting
38:13 Two-Handed Swordsman
43:34 Two-Man Saw
44:51 Elite Conquistador
45:43 Halberdier
46:57 Plate Mail Armor
47:28 Blast Furnace
47:29 Stone Shaft Mining
47:43 Inquisition
48:04 Supremacy
48:38 Champion
49:52 Champion
51:58 Hoardings
Connection lost

Rejoining the realm…

Still unreachable

The connection could not be restored.

Session expired

The server has moved on; the page needs a fresh start.